 Dungeon Sprint DCSS version 0.28.0-43-g3370ac3207 (webtiles) character file.

Game seed: 835741322910564084

0 boopmooplesden the Chopper (level 2, -3/28 HPs)
             Began as a Minotaur Berserker on Mar 17, 2022.
             Was a Believer of Trog.
             Slain by Sigmund
             ... wielding a +0 scythe
              (8 damage)
             ... in the Dungeon (Sprint VI: "Thunderdome").
             The game lasted 00:00:34 (51 turns).

boopmooplesden the Chopper (Minotaur Berserker)       Turns: 51, Time: 00:00:34

Health: -3/28      AC:  6    Str: 21    XL:     2   Next: 17%
Magic:  1/1        EV: 12    Int:  0    God:    Trog [**....]
Gold:   65         SH:  0    Dex: 11    Spells: 1/1 levels left

rFire   . . .      SeeInvis +   a - +0 hand axe
rCold   . . .      Faith    .   (no shield)
rNeg    + + .      Spirit   .   b - +0 animal skin
rPois   +          Reflect  .   (helmet restricted)
rElec   .          Harm     .   (no cloak)
rCorr   .          Rampage  .   (no gloves)
Will    .....      NoTele   +   (no boots)
Stlth   +.........              m - amulet of Reyssae {RegenMP Dex+2 SInv}
HPRegen 0.09/turn               n - ring "Kuacvent" {rPois rN++ AC+4 Int-4 SInv}
MPRegen 0.47/turn               (no ring)

@: on berserk cooldown, slowed, lost intelligence, unable to read, very slow
A: horns 2, retaliatory headbutt
a: Renounce Religion, Berserk, Trog's Hand


You were in the Dungeon.
You worshipped Trog.
Trog was pleased with you.
You visited 1 branch You collected 200 gold pieces.
You spent 135 gold pieces at shops.

Inventory:

Hand Weapons
 a - a +0 hand axe (weapon)
Armour
 b - a +0 animal skin (worn)
Jewellery
 m - the amulet of Reyssae (around neck) {RegenMP Dex+2 SInv}
   (You bought it in a shop in the Dungeon)

   [amulet of magic regeneration]

   It increases your rate of magic regeneration.
   Dex:       It affects your dexterity (+2).
   SInv:      It lets you see invisible.
 n - the ring "Kuacvent" (left hand) {rPois rN++ AC+4 Int-4 SInv}
   (You bought it in a shop in the Dungeon)

   [ring of protection]

   AC:        It affects your AC (+4).
   Int:       It affects your intelligence (-4).
   rPois:     It protects you from poison.
   rN:        It greatly protects you from negative energy.
   SInv:      It lets you see invisible.
 o - the ring "Qorinwits" {rElec rC+++ Str-2 Int-3 Dex+6}
   (You bought it in a shop in the Dungeon)

   [ring of dexterity]

   Str:       It affects your strength (-2).
   Int:       It affects your intelligence (-3).
   Dex:       It affects your dexterity (+6).
   rC:        It renders you almost immune to cold.
   rElec:     It insulates you from electricity.
Wands
 j - a wand of acid (5)
 k - a wand of iceblast (5)
Scrolls
 h - 4 scrolls of blinking
 l - 3 scrolls of fog
Potions
 c - a potion of curing
 d - 4 potions of heal wounds
 e - 4 potions of haste
 f - 2 potions of magic
 g - a potion of berserk rage
 i - a potion of resistance


   Skills:
 + Level 4.8 Fighting
 + Level 4.9 Axes
 + Level 2.9 Armour
 + Level 2.9 Dodging


You had one spell level left.
You didn't know any spells.
Your spell library was empty.

Dungeon Overview and Level Annotations

Branches:
Dungeon (1/1)

Altars:
Cheibriados
Fedhas
Kikubaaqudgha
Makhleb
Qazlal
Sif Muna
Uskayaw
Vehumet
Wu Jian
Yredelemnul
Zin
The Shining One
Beogh

Shops:
D *[??(

Annotations:
D Sigmund


Innate Abilities, Weirdness & Mutations

You have a pair of horns on your head.
You reflexively headbutt those who attack you in melee.


Message History

The goblin shouts!
You slash the kobold!
You kill the kobold!
Trog accepts your kill.
You can now call upon Trog for regeneration and willpower.
Found Ahicuk Anyu's Magic Scroll Shop.
Found a burning altar of Makhleb.
Things that are here:
a +0 short sword; a kobold corpse; a quokka corpse You feel a strong urge to attack something.
Found Mimuit's Staff Store.
Found two altars.
Sigmund hits you with a +0 scythe.
You completely miss Sigmund. Sigmund hits you with a +0 scythe!
You slash Sigmund! You headbutt Sigmund!
Sigmund is severely wounded.
You hit Sigmund but do no damage. Your headbutt misses Sigmund.
Sigmund is severely wounded.
Sigmund completely misses you.
You closely miss Sigmund.
Sigmund is severely wounded.
You are no longer berserk.
You are exhausted.
You feel yourself slow down. Sigmund completely misses you.
You slash Sigmund!
Sigmund is almost dead.
Sigmund casts a spell at you.
You are confused.
You barely miss Sigmund.
Sigmund is almost dead.
Sigmund misses you.
You barely miss Sigmund. Your headbutt misses Sigmund.
Sigmund is almost dead.
Sigmund flickers, as though insubstantial.
Sigmund hits you with a +0 scythe. Sigmund hits you with a +0 scythe.
* * * LOW HITPOINT WARNING * * *
You bump into the rock wall.
You feel less confused. Sigmund casts a spell at you.
You resist with significant effort. Sigmund hits you with a +0 scythe!
You die...

#∩.......∩# #_......._#
#_......._# #_........#
###.........###
#⌠...........K#
######†8.........8.#
##._._..)..@# ......
##∩........8@# .8...
#............g###.....
#⌠..........###...# .
#⌠..........# #.<.# ...
#⌠..........# #...###.....
##.............###........
###∩........8. #.8......
##∩__....... #......__


You could see Sigmund and a goblin.

Vanquished Creatures
  An adder (D)
  A kobold (D)
  A quokka (D)
3 creatures vanquished.

Notes
Turn   | Place    | Note
-------+----------+-------------------------------------------
     0 | D        | boopmooplesden the Minotaur Berserker began the quest for
                  | the Orb.
     0 | D        | Reached XP level 1. HP: 19/19 MP: 0/0
     3 | D        | Found a radiant altar of Vehumet.
     4 | D        | Found an ornate altar of the Wu Jian Council.
     4 | D        | Found a snail-covered altar of Cheibriados.
     5 | D        | Round 1.
     7 | D        | Found a blossoming altar of Fedhas.
     7 | D        | Found a shimmering blue altar of Sif Muna.
     8 | D        | Found a glowing silver altar of Zin.
     9 | D        | Found an ancient bone altar of Kikubaaqudgha.
     9 | D        | Found a basalt altar of Yredelemnul.
    10 | D        | Found a stormy altar of Qazlal.
    10 | D        | Found Yfoamelo's Identification Station.
    11 | D        | Found Dyus's Jewellery.
    11 | D        | Found Eleidd's Advanced Armour.
    19 | D        | Bought a crude bronze amulet for 45 gold pieces
    19 | D        | Identified the amulet of Reyssae {RegenMP Dex+2 SInv} (You
                  | bought it in a shop in the Dungeon)
    19 | D        | Bought a wavering marble ring for 45 gold pieces
    19 | D        | Identified the ring "Kuacvent" {rPois rN++ AC+4 Int-4 SInv}
                  | (You bought it in a shop in the Dungeon)
    19 | D        | Bought a wavering lapis lazuli ring for 45 gold pieces
    19 | D        | Identified the ring "Qorinwits" {rElec rC+++ Str-2 Int-3
                  | Dex+6} (You bought it in a shop in the Dungeon)
    19 | D        | Lost intelligence.
    36 | D        | Noticed Sigmund
    39 | D        | Reached XP level 2. HP: 28/28 MP: 1/1
    39 | D        | Reached ** piety under Trog
    40 | D        | Found a burning altar of Makhleb.
    40 | D        | Found Ahicuk Anyu's Magic Scroll Shop.
    42 | D        | Found a glowing golden altar of the Shining One.
    42 | D        | Found a hide-covered altar of Uskayaw.
    42 | D        | Found Mimuit's Staff Store.
    51 | D        | Slain by Sigmund

Illustrated notes

Levels and vault maps discovered:
D:        arena_sprint

Skill      XL: |  1 |
---------------+----+-----
Fighting       | 4 |  4.8
Axes           | 4 |  4.9
Armour         | |  2.9
Dodging        | |  2.9

Action                   || total
-------------------------++-------
Melee: Hand axe          ||    13
       Headbutt          ||     1
Invok: Berserk           ||     1
Armor: Animal skin       ||     7
Dodge: Dodged            ||    12
